 Dungeon Crawl Stone Soup version 0.31.0-11-ge490571c62 (console) character file.

Game seed: 18375850733926839674

23 zenocrate the Sneak (level 3, 0/19 HPs)
             Began as a Vine Stalker Delver on Feb 6, 2024.
             Slain by a brain worm (4 damage)
             ... in a sewer.
             The game lasted 00:01:29 (197 turns).

zenocrate the Sneak (Vine Stalker Delver)            Turns: 197, Time: 00:01:30

Health: 0/19       AC:  3    Str: 14    XL:     3   Next: 0%
Magic:  0/4        EV: 11    Int: 10    God:
Gold:   9          SH:  0    Dex: 17    Spells: 2/2 levels left

rFire   . . .        b - +2 dagger (speed)
rCold   . . .        (no shield)
rNeg    . . .        d - +0 leather armour
rPois   .            (no helmet)
rElec   .            (no cloak)
rCorr   .            (no gloves)
SInv    .            (no boots)
Will    .....        (no amulet)
Stlth   +++          (no ring)
HPRegen 1.03/turn    (no ring)
MPRegen 0.09/turn

%: guardian spirit
@: no status effects
A: fangs 2, regeneration 1, magic shield, antimagic bite, no potion heal 2
a: no special abilities


You were in a sewer.
You visited 1 branch of the dungeon, and saw 1 of its levels.
You also visited: Sewer.

You collected 9 gold pieces.

Inventory:

Hand Weapons
 a - a +0 short sword
 b - a +2 dagger of speed (weapon)
Armour
 d - a +0 leather armour (worn)
Wands
 g - a wand of digging (3)
Scrolls
 c - a scroll of fog
 e - a scroll of fear
 h - a scroll of identify {unknown}
 i - a scroll of torment {unknown}
Potions
 f - 2 potions of haste
 j - a potion of magic {unknown}


   Skills:
 - Level 2.6 Fighting
 + Level 2.5 Short Blades
 - Level 1.5 Dodging
 + Level 6.5 Stealth


You had 2 spell levels left.
You didn't know any spells.
Your spell library was empty.

Dungeon Overview and Level Annotations

Branches:
Dungeon (5/15)              Sewer (1/1)
 Temple: D:4-7

Altars:


Innate Abilities, Weirdness & Mutations

You have extremely sharp teeth.
Your natural rate of healing is unusually fast.
When hurt, damage is shared between your health and your magic reserves.
Your bite disrupts and absorbs the magic of your enemies.
Potions cannot restore your health.


Message History

The rat barely misses you. The brain worm bites you.
Unknown command.
You barely miss the brain worm.
The brain worm is lightly wounded.
Unknown command.
You hit the brain worm.
You bite the brain worm, but do no damage.
The brain worm is lightly wounded.
The rat closely misses you. The brain worm barely misses you.
Unknown command.
You hit the brain worm.
The brain worm is moderately wounded.
Unknown command.
You hit the brain worm. You bite the brain worm. You drain its power.
You feel invigorated.
The brain worm is heavily wounded.
The rat bites you but does no damage. The brain worm bites you.
Unknown command.
You hit the brain worm.
You punch the brain worm, but do no damage.
The brain worm is severely wounded.
The rat closely misses you. The brain worm bites you.
* * * LOW HITPOINT WARNING * * *
Unknown command.
You barely miss the brain worm.
The brain worm is heavily wounded.
Unknown command.
You hit the brain worm but do no damage.
The brain worm is heavily wounded.
The rat bites you.
* * * LOW HITPOINT WARNING * * *
The brain worm bites you.
* * * LOW HITPOINT WARNING * * *
Unknown command.
You barely miss the brain worm.
The brain worm is heavily wounded.
Unknown command.
You barely miss the brain worm.
The brain worm is heavily wounded.
The rat barely misses you. The brain worm bites you.
You die...

##...~P#~≈~#
#....~~#~~~#
#....P.#~≈~#
#......#~≈~~~~....P.
#......#~≈~~~~.....
#......#~≈~~P......
##.....# #~.....#
#.P...# #~~....##
#.....# #~~.....##
##.....# #.~.rw...#
#.P...P#~≈~#....@...#
.....~~#~≈~#........#
....P~~~~≈~#P~...†.##
.P...~P#~~~#~~.P...#
....~P~~~≈~#~~.....#
.....~~#~≈~#~~.....#
......P#~≈~~~~P.....#
.......#~≈~~~~~.....#
.P.....#~≈~~~~~P.####
P....~P#~~~~~~~....#
.....~~#~≈~#~P.....#


You could see a brain worm and a rat.

Vanquished Creatures
  An adder (Sewer)
  2 endoplasms (Sewer)
  A ball python (D:5)
  2 bats (Sewer)
  A frilled lizard (Sewer)
  7 kobolds (Sewer)
  A rat (D:5)
15 creatures vanquished.

Notes
Turn   | Place    | Note
-------+----------+-------------------------------------------
     0 | D:5      | zenocrate the Vine Stalker Delver began the quest for the
                  | Orb.
     0 | D:5      | Reached XP level 1. HP: 11/11 MP: 2/2
    13 | D:5      | Found a glowing drain.
    31 | Sewer    | Entered a sewer
   110 | Sewer    | Reached XP level 2. HP: 14/16 MP: 1/3
   175 | Sewer    | Noticed a brain worm
   186 | Sewer    | Reached XP level 3. HP: 6/19 MP: 0/4
   197 | Sewer    | Slain by a brain worm

Illustrated notes

Levels and vault maps discovered:
D:5:      layout_gridville, lemuel_crystal_altar, grunt_temple_overflow_open,
          cheibrodos_sewer_entry_drain, grunt_decor_mini_mirrors
Sewer:    kennysheep_pipe_town

Skill      XL: |  1 |
---------------+----+-----
Short Blades   | 2 |  2.5
Fighting       | |  2.6
Dodging        | |  1.5
Stealth        | |  6.5

Action                     || total
---------------------------++-------
  Melee: Short sword       ||     7
         Dagger            ||    39
         Bite              ||    12
         Punch             ||     1
    Use: Scroll            ||     1
   Stab: Sleeping          ||     5
 Armour: Leather armour    ||    28
  Dodge: Dodged            ||    18
